PBL
TROIS-RIVERES AIGLES @ CANTON INDIANS
05/19/2044
 
TOP OF THE 1ST
Trois-Riveres Aigles batting - Pitching for Canton Indians : RHP Howard Allen
Pitching: RHP Howard Allen
Batting: LHB Tony Zizumbo 0-0: Swinging Strike
0-1: Called Strike
0-2: Strikes out looking
Batting: RHB Sesto Carpini 0-0: Ball
1-0: Called Strike
1-1: Ground out 4-3 (Groundball, 4M, EV 101.2 MPH)
Batting: LHB Rocky Crowley 0-0: Foul Ball, location: 2F
0-1: Ball
1-1: Ball
2-1: Ground out 4-3 (Groundball, 4, EV 90.0 MPH)
Top of the 1st over - 0 runs, 0 hits, 0 errors, 0 left on base; Trois-Riveres 0 - Canton 0
BOTTOM OF THE 1ST
Canton Indians batting - Pitching for Trois-Riveres Aigles : RHP Jaime Astacio
Pitching: RHP Jaime Astacio
Batting: RHB Kenzo Shinoda 0-0: Ball
1-0: Called Strike
1-1: Foul Ball, location: 2F
1-2: Foul Ball, location: 2F
1-2: Foul Ball, location: 2F
1-2: Ground out 4-3 (Groundball, 4, EV 105.0 MPH)
Batting: LHB Dave Key 0-0: Called Strike
0-1: Ground out 2-3 (Groundball, 2L, EV 70.0 MPH)
Batting: LHB Shane Montalvo 0-0: Ball
1-0: Single, Error in OF, E9, batter to second base (Groundball, 3D, EV 103.8 MPH)
Batting: RHB Kevin Trull 0-0: Fly out, F9 (Line Drive, 9, EV 85.0 MPH)
Bottom of the 1st over - 0 runs, 1 hit, 1 error, 1 left on base; Trois-Riveres 0 - Canton 0
TOP OF THE 2ND
Trois-Riveres Aigles batting - Pitching for Canton Indians : RHP Howard Allen
Batting: LHB Harris Vink 0-0: Ground out 1-3 (Groundball, 13, EV 71.2 MPH)
Batting: RHB Jose Arriola 0-0: Called Strike
0-1: Fly out, F9 (Line Drive, 9S, EV 111.2 MPH)
Batting: RHB Dave Galloway 0-0: Foul Ball, location: 2F
0-1: Foul Ball, location: 2F
0-2: Foul Ball, location: 2F
0-2: Ball
1-2: Ball
2-2: Ball
3-2: Foul Ball, location: 2F
3-2: Foul Ball, location: 2F
3-2: DOUBLE (Flyball, 89D, EV 85.6 MPH)
Pitching: RHP Chris Cohen
Batting: LHB Jonathan Spino 0-0: Called Strike
0-1: Called Strike
0-2: Foul Ball, location: 2F
0-2: Ball
1-2: Fly out, F3 (Popup, 3F, EV 65.6 MPH)
Top of the 2nd over - 0 runs, 1 hit, 0 errors, 1 left on base; Trois-Riveres 0 - Canton 0
BOTTOM OF THE 2ND
Canton Indians batting - Pitching for Trois-Riveres Aigles : RHP Jaime Astacio
Batting: RHB Ricky Butts 0-0: Foul Ball, location: 2F
0-1: Ball
1-1: Foul Ball, location: 2F
1-2: Strikes out swinging
Batting: RHB Jason Roberts 0-0: Called Strike
0-1: Ball
1-1: Ball
2-1: Ball
3-1: SINGLE (Groundball, 56, EV 100.0 MPH)
Batting: RHB Steve Gusman 0-0: Called Strike
0-1: Hit by Pitch
Jason Roberts to second
Batting: RHB Luke Burnham 0-0: Swinging Strike
0-1: Foul Ball, location: 2F
0-2: Ball
1-2: Ball
2-2: Foul Ball, location: 2F
2-2: Foul Ball, location: 2F
2-2: Foul Ball, location: 2F
2-2: Ball
3-2: Strikes out swinging
Steve Gusman is caught stealing 2nd base 2-4
Jason Roberts steals 3rd base
Batter strikes out.
Bottom of the 2nd over - 0 runs, 1 hit, 0 errors, 1 left on base; Trois-Riveres 0 - Canton 0
TOP OF THE 3RD
Trois-Riveres Aigles batting - Pitching for Canton Indians : RHP Chris Cohen
Batting: RHB Nelle Lommen 0-0: Ball
1-0: Ball
2-0: Foul Ball, location: 2F
2-1: Ball
3-1: Ground out U3 (Groundball, 34, EV 86.2 MPH)
Batting: RHB Josh Harmon 0-0: Called Strike
0-1: Ball
1-1: SINGLE (Line Drive, 56, EV 103.8 MPH)
Batting: LHB Tony Zizumbo 0-0: Ball
1-0: Foul Ball, location: 2F
1-1: Ball
2-1: Foul Ball, location: 2F
2-2: Ball
Wild Pitch!
Josh Harmon to second
3-2: Base on Balls
Pitching: RHP Terry Sterling
Batting: RHB Sesto Carpini 0-0: Ball
1-0: Ball
2-0: Ball
3-0: Called Strike
3-1: Reached on error, E3 (Groundball, 34S, EV 78.1 MPH)
Josh Harmon to third
Tony Zizumbo to second
Batting: LHB Rocky Crowley 0-0: Called Strike
0-1: Ball
1-1: Foul Ball, location: 2F
1-2: Ball
2-2: Foul Ball, location: 2F
2-2: Ball
3-2: Base on Balls
Josh Harmon scores
Tony Zizumbo to third
Sesto Carpini to second
Batting: LHB Harris Vink 0-0: Swinging Strike
0-1: DOUBLE (Flyball, 8LXD, EV 105.0 MPH)
Tony Zizumbo scores
Sesto Carpini scores
Rocky Crowley to third
Runner from 3rd tries for Home, SAFE, throw by CF to home
Batting: RHB Jose Arriola 0-0: Called Strike
0-1: Ball
1-1: SINGLE (Line Drive, 78M, EV 102.5 MPH)
Harris Vink to third
Batting: RHB Dave Galloway 0-0: Called Strike
0-1: Ball
Jose Arriola steals 2nd, throwing error, E2
Harris Vink scores
Jose Arriola to third
1-1: Foul Ball, location: 2F
1-2: Ground out 5-3 (Groundball, 56, EV 85.6 MPH)
Jose Arriola scores
Pitching: RHP Ian Nordquist
Batting: LHB Jonathan Spino 0-0: Called Strike
0-1: Ball
1-1: Ball
2-1: SINGLE (Groundball, 34D, EV 101.2 MPH)
Batting: RHB Nelle Lommen 0-0: Ball
1-0: Foul Ball, location: 2F
1-1: Called Strike
1-2: Strikes out swinging
Top of the 3rd over - 6 runs, 4 hits, 2 errors, 1 left on base; Trois-Riveres 6 - Canton 0
BOTTOM OF THE 3RD
Canton Indians batting - Pitching for Trois-Riveres Aigles : RHP Jaime Astacio
Batting: LHB Rich Walker 0-0: Ball
1-0: SINGLE (Line Drive, 4MD, EV 93.8 MPH)
Batting: RHB Kenzo Shinoda 0-0: Ball
1-0: Ball
Rich Walker is caught stealing 2nd base 2-4
2-0: Called Strike
2-1: Swinging Strike
2-2: Strikes out looking
Batting: LHB Dave Key 0-0: Called Strike
0-1: Ball
1-1: Ground out 1-3 (Groundball, 13S, EV 64.4 MPH)
Bottom of the 3rd over - 0 runs, 1 hit, 0 errors, 0 left on base; Trois-Riveres 6 - Canton 0
TOP OF THE 4TH
Trois-Riveres Aigles batting - Pitching for Canton Indians : RHP Ian Nordquist
Batting: RHB Josh Harmon 0-0: Foul Ball, location: 2F
0-1: Swinging Strike
0-2: Foul Ball, location: 2F
0-2: Foul Ball, location: 2F
0-2: Strikes out swinging
Batting: LHB Tony Zizumbo 0-0: Ball
1-0: Foul Ball, location: 2F
1-1: Foul Ball, location: 2F
1-2: SINGLE (Line Drive, 7LS, EV 104.4 MPH)
Batting: RHB Sesto Carpini 0-0: Called Strike
0-1: Ball
1-1: Ball
2-1: Foul Ball, location: 2F
2-2: Ball
3-2: Base on Balls
Tony Zizumbo to second
Pitching: RHP Nate Souza
Batting: LHB Rocky Crowley 0-0: Foul Ball, location: 2F
0-1: Ball
1-1: Swinging Strike
1-2: Ball
2-2: Strikes out looking
Batting: LHB Harris Vink 0-0: Ball
1-0: Called Strike
1-1: Called Strike
1-2: Strikes out swinging
Top of the 4th over - 0 runs, 1 hit, 0 errors, 2 left on base; Trois-Riveres 6 - Canton 0
BOTTOM OF THE 4TH
Canton Indians batting - Pitching for Trois-Riveres Aigles : RHP Jaime Astacio
Batting: LHB Shane Montalvo 0-0: Foul Ball, location: 2F
0-1: Fly out, F3 (Line Drive, 3, EV 69.4 MPH)
Batting: RHB Kevin Trull 0-0: Called Strike
0-1: Ball
1-1: Fly out, F3 (Popup, 3SF, EV 81.9 MPH)
Batting: RHB Ricky Butts 0-0: SINGLE (Line Drive, 6M, EV 95.6 MPH)
Batting: RHB Jason Roberts 0-0: Ground out 4-3 (Groundball, 4M, EV 103.1 MPH)
Bottom of the 4th over - 0 runs, 1 hit, 0 errors, 1 left on base; Trois-Riveres 6 - Canton 0
TOP OF THE 5TH
Trois-Riveres Aigles batting - Pitching for Canton Indians : RHP Nate Souza
Batting: RHB Jose Arriola 0-0: Called Strike
0-1: Foul Ball, location: 2F
0-2: Ball
1-2: Foul Ball, location: 2F
1-2: SINGLE (Groundball, 25, EV 65.6 MPH) (infield hit)
Batting: RHB Dave Galloway 0-0: Ball
Jose Arriola steals 2nd base
1-0: Ball
2-0: Called Strike
2-1: Ball
3-1: DOUBLE (Line Drive, 78M, EV 92.5 MPH)
Jose Arriola scores
Batting: LHB Jonathan Spino 0-0: Called Strike
0-1: Foul Ball, location: 2F
0-2: SINGLE (Line Drive, 9LS, EV 110.0 MPH)
Dave Galloway to third
Batting: RHB Nelle Lommen 0-0: Ball
1-0: Ball
2-0: TRIPLE (Line Drive, 89XD, EV 105.6 MPH)
Dave Galloway scores
Jonathan Spino scores
Batting: RHB Josh Harmon 0-0: Foul Ball, location: 2F
0-1: Hit by Pitch
Batting: LHB Tony Zizumbo 0-0: Ball
1-0: Fielders Choice at 2nd, 6-4 (Groundball, 6, EV 80.6 MPH)
Nelle Lommen scores
Pitching: LHP Justin Eargle
Batting: RHB Sesto Carpini 0-0: Called Strike
0-1: Ball
1-1: Ball
2-1: Swinging Strike
2-2: Foul Ball, location: 2F
2-2: Ball
3-2: Fly out, F3 (Line Drive, 3, EV 64.4 MPH)
Batting: LHB Rocky Crowley 0-0: Ball
1-0: Called Strike
1-1: Foul Ball, location: 2F
1-2: Ball
2-2: Ball
3-2: Fly out, F7 (Flyball, 78XD, EV 94.4 MPH)
Top of the 5th over - 4 runs, 4 hits, 0 errors, 1 left on base; Trois-Riveres 10 - Canton 0
BOTTOM OF THE 5TH
Canton Indians batting - Pitching for Trois-Riveres Aigles : RHP Jaime Astacio
Batting: RHB Steve Gusman 0-0: Called Strike
0-1: Foul Ball, location: 2F
0-2: Ball
1-2: Strikes out swinging
Batting: RHB Luke Burnham 0-0: Ball
1-0: Ball
2-0: Ball
3-0: Base on Balls
Batting: LHB Rich Walker 0-0: Foul Ball, location: 2F
0-1: Swinging Strike
0-2: Foul Ball, location: 2F
0-2: Foul Ball, location: 2F
0-2: Ball
1-2: Ball
2-2: Ball
3-2: Foul Ball, location: 2F
3-2: Fly out, F3 (Popup, 34, EV 60.6 MPH)
Batting: RHB Kenzo Shinoda 0-0: Ball
1-0: Ball
2-0: Ball
3-0: Called Strike
3-1: Foul Ball, location: 2F
3-2: DOUBLE (Line Drive, 9LM, EV 114.4 MPH)
Luke Burnham to third
Luke Burnham scores
Batting: LHB Dave Key 0-0: Ball
1-0: Ball
2-0: Ball
3-0: Called Strike
3-1: Ground out 6-3 (Groundball, 6, EV 81.9 MPH)
Bottom of the 5th over - 1 run, 1 hit, 0 errors, 1 left on base; Trois-Riveres 10 - Canton 1
TOP OF THE 6TH
Trois-Riveres Aigles batting - Pitching for Canton Indians : LHP Justin Eargle
Batting: LHB Harris Vink 0-0: Called Strike
0-1: Foul Ball, location: 2F
0-2: SOLO HOME RUN (Flyball, 9LD, EV 100.0 MPH), Distance : 364 ft
Batting: RHB Jose Arriola 0-0: Ball
1-0: Called Strike
1-1: Ball
2-1: SINGLE (Line Drive, 8LS, EV 96.9 MPH)
Batting: RHB Dave Galloway 0-0: DOUBLE (Line Drive, 78D, EV 105.0 MPH)
Jose Arriola to third
Batting: LHB Jonathan Spino 0-0: Called Strike
0-1: Ground out 4-3 (Groundball, 4M, EV 87.5 MPH)
Jose Arriola scores
Dave Galloway to third
Batting: RHB Nelle Lommen 0-0: Fly out, F8 (Flyball, 89M, EV 93.1 MPH)
Batting: RHB Josh Harmon 0-0: Called Strike
0-1: Foul Ball, location: 2F
0-2: Ball
1-2: Strikes out looking
Top of the 6th over - 2 runs, 3 hits, 0 errors, 1 left on base; Trois-Riveres 12 - Canton 1
BOTTOM OF THE 6TH
Canton Indians batting - Pitching for Trois-Riveres Aigles : RHP Jaime Astacio
Batting: LHB Shane Montalvo 0-0: Ball
1-0: SINGLE (Line Drive, 4MD, EV 99.4 MPH)
Batting: RHB Kevin Trull 0-0: Ball
1-0: SINGLE (Groundball, 6MD, EV 99.4 MPH)
Shane Montalvo to second
Batting: RHB Ricky Butts 0-0: Ball
1-0: Called Strike
1-1: Swinging Strike
1-2: Foul Ball, location: 2F
1-2: Ball
2-2: Foul Ball, location: 2F
2-2: Ball
3-2: Strikes out swinging
Batting: RHB Jason Roberts 0-0: Reached on error, E1 (Line Drive, P, EV 67.5 MPH)
Shane Montalvo to third
Kevin Trull to second
Batting: RHB Steve Gusman 0-0: Ball
1-0: Grounds into double play, 1-2-3 (Groundball, 25, EV 73.1 MPH)
Bottom of the 6th over - 0 runs, 2 hits, 1 error, 2 left on base; Trois-Riveres 12 - Canton 1
TOP OF THE 7TH
Trois-Riveres Aigles batting - Pitching for Canton Indians : LHP Justin Eargle
Pinch Hitting: RHB Jesus Carrillo 0-0: Ball
1-0: Swinging Strike
1-1: DOUBLE (Line Drive, 9LM, EV 110.0 MPH)
Batting: RHB Sesto Carpini 0-0: Ball
1-0: Foul Ball, location: 2F
1-1: Called Strike
1-2: Ball
2-2: Foul Ball, location: 2F
2-2: Strikes out swinging
Pitching: RHP John Bianconi
Pinch Hitting: RHB Joe Hartigan 0-0: Called Strike
0-1: Fly out, F8 (Line Drive, 8LD, EV 106.9 MPH)
Batting: LHB Harris Vink 0-0: Ball
1-0: Hit by Pitch
Batting: RHB Jose Arriola 0-0: Swinging Strike
0-1: Ball
1-1: Fly out, F7 (Flyball, 78M, EV 83.8 MPH)
Top of the 7th over - 0 runs, 1 hit, 0 errors, 2 left on base; Trois-Riveres 12 - Canton 1
BOTTOM OF THE 7TH
Canton Indians batting - Pitching for Trois-Riveres Aigles : RHP Jaime Astacio
Now at 2B: Gabe Higley
Now in LF: Joe Hartigan
Batting: RHB Luke Burnham 0-0: Ball
1-0: Foul Ball, location: 2F
1-1: Ball
2-1: Ball
3-1: Called Strike
3-2: Ground out 5-3 (Groundball, 5L, EV 88.8 MPH)
Pitching: LHP Dean Byrne
Batting: LHB Rich Walker 0-0: Swinging Strike
0-1: Foul Ball, location: 2F
0-2: Strikes out swinging
Batting: RHB Kenzo Shinoda 0-0: Called Strike
0-1: Ball
1-1: Ball
2-1: Foul Ball, location: 2F
2-2: Fly out, F9 (Flyball, 9, EV 85.0 MPH)
Bottom of the 7th over - 0 runs, 0 hits, 0 errors, 0 left on base; Trois-Riveres 12 - Canton 1
TOP OF THE 8TH
Trois-Riveres Aigles batting - Pitching for Canton Indians : RHP John Bianconi
Batting: RHB Dave Galloway 0-0: Ball
1-0: Foul Ball, location: 2F
1-1: Swinging Strike
1-2: Ball
2-2: Strikes out swinging
Batting: LHB Jonathan Spino 0-0: Foul Ball, location: 2F
0-1: Reached on error, E4 (Popup, 4MD, EV 55.0 MPH)
Batting: RHB Nelle Lommen 0-0: Called Strike
0-1: Swinging Strike
0-2: SINGLE (Line Drive, 9S, EV 106.9 MPH)
Jonathan Spino to second
Batting: SHB Berthold Frey 0-0: Ball
1-0: Called Strike
1-1: Foul Ball, location: 2F
1-2: Ground out U3 (Groundball, 34S, EV 66.9 MPH)
Jonathan Spino to third
Nelle Lommen to second
Pitching: RHP Eric Kuck
Batting: RHB Gabe Higley 0-0: Called Strike
0-1: Called Strike
0-2: Foul Ball, location: 2F
0-2: Ball
1-2: Ground out 4-3 (Groundball, 4, EV 86.9 MPH)
Top of the 8th over - 0 runs, 1 hit, 1 error, 2 left on base; Trois-Riveres 12 - Canton 1
BOTTOM OF THE 8TH
Canton Indians batting - Pitching for Trois-Riveres Aigles : LHP Dean Byrne
Batting: LHB Dave Key 0-0: Ball
1-0: Called Strike
1-1: DOUBLE (Line Drive, 89D, EV 112.5 MPH)
Batting: LHB Shane Montalvo 0-0: Fly out, F8 (Flyball, 8RM, EV 91.9 MPH)
Batting: RHB Kevin Trull 0-0: Foul Ball, location: 2F
0-1: Foul Ball, location: 2F
0-2: Foul Ball, location: 2F
0-2: TRIPLE (Flyball, 89XD, EV 99.4 MPH)
Dave Key scores
Batting: RHB Ricky Butts 0-0: Ball
1-0: Reached on error, E5 (Groundball, 56, EV 97.5 MPH)
Kevin Trull scores
Batting: RHB Jason Roberts 0-0: Called Strike
0-1: Called Strike
0-2: Foul Ball, location: 2F
0-2: Strikes out swinging
Batting: RHB Steve Gusman 0-0: Foul Ball, location: 2F
0-1: TRIPLE (Flyball, 89XD, EV 88.8 MPH)
Ricky Butts scores
Batting: RHB Luke Burnham 0-0: Ball
Wild Pitch!
Steve Gusman scores
1-0: Called Strike
1-1: SINGLE (Line Drive, 8LS, EV 101.9 MPH)
Pitching: RHP Josh O'Neal
Batting: LHB Rich Walker 0-0: Called Strike
0-1: Ball
1-1: Ball
2-1: Foul Ball, location: 2F
2-2: Ground out 4-3 (Groundball, 4S, EV 88.1 MPH)
Bottom of the 8th over - 4 runs, 4 hits, 1 error, 1 left on base; Trois-Riveres 12 - Canton 5
TOP OF THE 9TH
Trois-Riveres Aigles batting - Pitching for Canton Indians : RHP Eric Kuck
Batting: RHB Sesto Carpini 0-0: Called Strike
0-1: Ball
1-1: Called Strike
1-2: Ball
2-2: Ball
3-2: DOUBLE (Line Drive, 8LXD, EV 110.6 MPH)
Batting: RHB Joe Hartigan 0-0: Called Strike
Balk!
Sesto Carpini to third
0-1: Ball
1-1: SINGLE (Groundball, 34D, EV 99.4 MPH)
Sesto Carpini scores
Batting: LHB Harris Vink 0-0: Fly out, F5 (Popup, 5S, EV 74.4 MPH)
Pinch Hitting: RHB Joel Wittmier 0-0: Ball
1-0: Foul Ball, location: 2F
1-1: Swinging Strike
1-2: SINGLE (Line Drive, 7S, EV 91.2 MPH)
Joe Hartigan to second
Batting: RHB Dave Galloway 0-0: Ball
1-0: Ball
2-0: Ball
Balk!
Joe Hartigan to third
Joel Wittmier to second
3-0: Called Strike
3-1: Called Strike
3-2: SINGLE (Groundball, 4MD, EV 96.9 MPH)
Joe Hartigan scores
Joel Wittmier to third
Batting: LHB Jonathan Spino 0-0: Ball
1-0: Ball
2-0: Foul Ball, location: 2F
2-1: Foul Ball, location: 2F
2-2: Ball
3-2: SINGLE (Groundball, 34D, EV 86.9 MPH) (infield hit)
Joel Wittmier scores
Dave Galloway to second
Pitching: LHP Costodio Varino
Batting: RHB Nelle Lommen 0-0: Called Strike
0-1: Ball
1-1: Ball
2-1: Foul Ball, location: 2F
2-2: SINGLE (Groundball, 6MD, EV 95.0 MPH)
Dave Galloway to third
Jonathan Spino to second
Runner from 3rd tries for Home, SAFE, throw by CF to home
Batting: SHB Berthold Frey 0-0: Called Strike
0-1: Ball
1-1: Ball
2-1: Ball
3-1: Base on Balls
Jonathan Spino to third
Nelle Lommen to second
Batting: RHB Gabe Higley 0-0: Called Strike
Balk!
Jonathan Spino scores
Nelle Lommen to third
Berthold Frey to second
0-1: Ball
1-1: Swinging Strike
1-2: Ball
2-2: Ball
3-2: Foul Ball, location: 2F
3-2: Foul Ball, location: 2F
3-2: Base on Balls
Pitching: RHP Carlos Abrego
Batting: RHB Sesto Carpini 0-0: SINGLE (Line Drive, 4D, EV 106.9 MPH)
Nelle Lommen scores
Berthold Frey to third
Gabe Higley to second
Runner from 3rd tries for Home, SAFE, throw by RF to home
Batting: RHB Joe Hartigan 0-0: Called Strike
0-1: Called Strike
0-2: Ball
1-2: Foul Ball, location: 2F
1-2: Ball
2-2: Foul Ball, location: 2F
2-2: Hit by Pitch
Gabe Higley to third
Sesto Carpini to second
Batting: LHB Harris Vink 0-0: SINGLE (Groundball, 4MD, EV 98.1 MPH)
Gabe Higley scores
Sesto Carpini to third
Joe Hartigan to second
Runner from 3rd tries for Home, SAFE, throw by CF to home
Batting: RHB Joel Wittmier 0-0: DOUBLE (Line Drive, 89D, EV 109.4 MPH)
Joe Hartigan scores
Harris Vink to third
Runner from 3rd tries for Home, SAFE, throw by CF to trailing runner, SAFE at third!
Batting: RHB Dave Galloway 0-0: Ball
1-0: Foul Ball, location: 2F
1-1: Ball
2-1: Ball
3-1: Base on Balls
Batting: LHB Jonathan Spino 0-0: Ball
1-0: Called Strike
1-1: Ball
2-1: Foul Ball, location: 2F
2-2: Foul Ball, location: 2F
2-2: Fly out, F8 (Flyball, 89D, EV 102.5 MPH)
Runner from 3rd tags up, SCORES, throw by CF
Batting: RHB Nelle Lommen 0-0: Foul Ball, location: 2F
0-1: Ball
1-1: Ball
2-1: Fly out, F7 (Flyball, 7D, EV 91.9 MPH)
Top of the 9th over - 12 runs, 9 hits, 0 errors, 1 left on base; Trois-Riveres 24 - Canton 5
BOTTOM OF THE 9TH
Canton Indians batting - Pitching for Trois-Riveres Aigles : RHP Josh O'Neal
Now at 1B: Joel Wittmier
Batting: RHB Kenzo Shinoda 0-0: Foul Ball, location: 2F
0-1: Foul Ball, location: 2F
0-2: Ball
1-2: Fly out, F9 (Flyball, 89S, EV 88.8 MPH)
Batting: LHB Dave Key 0-0: Ball
1-0: Swinging Strike
1-1: Swinging Strike
1-2: Ball
2-2: Fly out, F6 (Popup, 6S, EV 73.1 MPH)
Batting: LHB Shane Montalvo 0-0: SINGLE (Groundball, 25, EV 60.6 MPH) (infield hit)
Batting: RHB Kevin Trull 0-0: Ball
1-0: Fly out, F9 (Flyball, 9, EV 88.1 MPH)
Bottom of the 9th over - 0 runs, 1 hit, 0 errors, 1 left on base; Trois-Riveres 24 - Canton 5
Thursday, March 31st , 2022 - OOTP Baseball 22.12 Build 89